 Dungeon Crawl Stone Soup version 0.24-a0-170-gd8427f5 (webtiles) character file.

Game seed: 7378529075593146117

892 galech the Chopper (level 7, -4/55 HPs)
             Began as a Demonspawn Fighter on Mar 8, 2019.
             Killed by nerve-wracking pain
             ... invoked by a shadow imp
              (13 damage)
             ... on level 5 of the Dungeon.
             The game lasted 00:06:48 (4651 turns).

galech the Chopper (Demonspawn Fighter)             Turns: 4651, Time: 00:06:49

Health: -4/55      AC: 18    Str: 16    XL:     7   Next: 78%
Magic:  7/7        EV: 11    Int: 13    God:
Gold:   234        SH:  0    Dex: 15    Spells: 6/6 levels left

rFire    + + +     SeeInvis .   x - +7 great mace "Firestarter" {inner flame, rF++}
rCold    . . .     Gourm    .   (shield currently unavailable)
rNeg     . . .     Faith    .   u - +4 ring mail of Utixt {rC+ Int+4 Slay+2}
rPois    .         Spirit   .   (helmet restricted)
rElec    .         Reflect  .   (no cloak)
rCorr    .         Harm     .   (no gloves)
MR       +....                  (no boots)
Stlth    +.........             (no amulet)
HPRegen  0.18/turn              y - ring of protection from magic
MPRegen  0.10/turn              g - ring of fire

@: sanguine armour
A: antennae 1, powered by pain 1, sanguine armour 2
a: no special abilities


You were on level 5 of the Dungeon.
You were not hungry.

You visited 1 branch of the dungeon, and saw 5 of its levels.
You also visited: Sewer.

You collected 234 gold pieces.

Inventory:

Hand Weapons
 a - a +1 war axe
 x - the +7 great mace "Firestarter" (weapon) {inner flame, rF++}
   (You found it on level 4 of the Dungeon)

   It has been specially enchanted to burn those struck by it, causing extra
   injury to most foes and up to half again as much damage against particularly
   susceptible opponents.
   It greatly protects you from fire.
Armour
 b - a +0 scale mail
 c - a +0 shield
 u - the +4 ring mail of Utixt (worn) {rC+ Int+4 Slay+2}
   (You found it on level 4 of the Dungeon)

   It affects your intelligence (+4).
   It affects your accuracy and damage with ranged weapons and melee attacks
   (+2).
   It protects you from cold.
Jewellery
 g - a ring of fire (right hand)
 s - a +5 ring of evasion {unknown}
 y - a ring of protection from magic (left hand)
 B - an uncursed ring of stealth
Scrolls
 e - a scroll of fear {unknown}
 h - 2 scrolls of remove curse
 j - a scroll of enchant weapon
 n - 3 scrolls of blinking {unknown}
 p - 2 scrolls of random uselessness {unknown}
 r - 2 scrolls of fog {unknown}
 t - 2 scrolls of teleportation
 v - a scroll of identify
 w - a scroll of amnesia {unknown}
Potions
 d - 2 potions of might
 i - 3 potions of heal wounds {unknown}
 k - 3 potions of brilliance {unknown}
 l - 2 potions of lignification {unknown}
 m - 4 potions of degeneration {unknown}
 o - a potion of curing {unknown}
 q - 2 potions of invisibility {unknown}
 A - a potion of agility {unknown}
 C - a potion of mutation {unknown}
Comestibles
 f - 11 rations


   Skills:
 + Level 4.5 Fighting
 + Level 5.2(5.5) Axes
 + Level 2.7(4.3) Maces & Flails
 + Level 4.0 Armour
 + Level 2.2 Dodging
 + Level 0.7 Stealth
 + Level 3.5 Shields


You had 6 spell levels left.
You didn't know any spells.
Your spell library contained the following spells:

 Spells                   Type           Power        Failure   Level  Hunger
 Animate Skeleton         Necr           N/A          50%         1    ##.....
 Apportation              Tloc           #.....       50%         1    ##.....
 Confusing Touch          Hex            #.....       50%         1    ##.....
 Summon Small Mammal      Summ           #...         50%         1    ##.....


Dungeon Overview and Level Annotations

Branches:
Dungeon (5/15)
 Temple: D:4-7

Altars:
Fedhas
Qazlal
Trog
Uskayaw
Zin

Shops:
D:4 =


Innate Abilities, Weirdness & Mutations

You have a pair of small antennae on your head.
You sometimes gain a little power by taking damage.
When seriously injured, your bleeding wounds create thick armour. (AC +9)


Message History

* * * LOW HITPOINT WARNING * * *
The gnoll hits you but does no damage.
The shadow imp hits you but does no damage.
The gnoll hits you with a +0 spear.
* * * LOW HITPOINT WARNING * * *
Items here: ! )) [ † a +0 club x2; a +0 leather armour; a potion of might; a gnoll corpse Unknown command.
You barely miss the gnoll.
The shadow imp hits you but does no damage.
The gnoll hits you but does no damage. The shadow imp misses you.
You closely miss the gnoll. The gnoll hits you but does no damage.
The shadow imp hits you but does no damage.
The gnoll hits you but does no damage.
Unknown command.
You barely miss the gnoll. The shadow imp closely misses you.
The gnoll barely misses you. The shadow imp gestures at you.
Pain shoots through your body!
You die...

*,* **,,**,* **.####...##.##**
******,,[..#...#...#.#* ***
*,,,*#*,,.........#...* **,*
*,,,,#..*,........#..#****,,**
**,,*#..###..........#,**,,,,,
*,,,,#...............,,**,,,**
*.$.,,#..............*,,,,,,,*
#.....*#....)@g.#**,,*,,*,*,,*
##....#####..#5)####.#**,***,,,
##..##....#...#.......#**,,,,,,,
#...#..........(#####...*,,,*,,,
*,...#.......#+##*****+,*,,,***,
#####.#.......#*,,,*,,,*,,,,**,,,
#..##........##*,>,*,∩,**,,,,,,,,
............##**,,,*,,,**,,,,,,,,
..............#**********,,,,,,,,


You could see a gnoll and a shadow imp.

Vanquished Creatures
  2 phantoms (D:4)
  A centaur (D:5)
  A scorpion (D:5)
  A howler monkey (D:4)
  A crimson imp (D:5)
  2 hounds
  An orc wizard (D:3)
  A gnoll shaman (D:5)
  2 worker ants (D:4)
  A worker ant zombie (D:5)
  3 gnolls (D:5)
  10 adders
  9 river rats (Sewer)
  A shadow imp (D:5)
  3 oozes
  An adder skeleton (D:4)
  3 worms
  2 dart slugs
  3 leopard geckos
  5 orcs
  6 ball pythons
  6 bats
  3 giant cockroaches
  6 goblins
  5 hobgoblins
  5 jackals (D:4)
  A quokka (D:5)
  17 frilled lizards
  8 kobolds
  17 rats
127 creatures vanquished.

Notes
Turn   | Place    | Note
-------+----------+-------------------------------------------
     0 | D:1      | galech the Demonspawn Fighter began the quest for the Orb.
     0 | D:1      | Reached XP level 1. HP: 18/18 MP: 1/1
    91 | D:1      | Gained mutation: You have a pair of small antennae on your
                  | head. [demonic ancestry]
    91 | D:1      | Reached XP level 2. HP: 13/24 MP: 2/2
   387 | D:1      | Reached skill level 2 in Axes
   707 | D:1      | Gained mutation: When seriously injured, your bleeding
                  | wounds create armour. (AC +9) [demonic ancestry]
   707 | D:1      | Reached XP level 3. HP: 29/29 MP: 3/3
   985 | D:2      | Found a blossoming altar of Fedhas.
  1168 | D:2      | Reached XP level 4. HP: 35/35 MP: 4/4
  1228 | D:2      | Reached skill level 3 in Axes
  1360 | D:3      | Found a glowing drain.
  1382 | Sewer    | Entered a sewer
  1536 | Sewer    | Gained mutation: You sometimes gain a little power by
                  | taking damage. [demonic ancestry]
  1536 | Sewer    | Reached XP level 5. HP: 34/42 MP: 5/5
  1725 | Sewer    | Reached skill level 1 in Dodging
  2393 | D:3      | Reached skill level 4 in Axes
  2487 | D:3      | Found a glowing silver altar of Zin.
  2762 | D:3      | Found a stormy altar of Qazlal.
  2764 | D:3      | Gained mutation: When seriously injured, your bleeding
                  | wounds create thick armour. (AC +9) [demonic ancestry]
  2764 | D:3      | Reached XP level 6. HP: 48/48 MP: 6/6
  3312 | D:4      | Found the +7 great mace "Firestarter" {inner flame, rF++}
  3385 | D:4      | Found Idiruwet's Jewellery Shoppe.
  3421 | D:4      | Got a dazzling ring mail
  3432 | D:4      | Identified the +4 ring mail of Utixt {rC+ Int+4 Slay+2}
                  | (You found it on level 4 of the Dungeon)
  3456 | D:4      | Reached skill level 5 in Axes
  3456 | D:4      | Reached XP level 7. HP: 40/54 MP: 7/7
  3794 | D:4      | Reached skill level 1 in Maces & Flails
  4200 | D:4      | Found a hide-covered altar of Uskayaw.
  4200 | D:4      | Found a bloodstained altar of Trog.
  4518 | D:5      | Entered Level 5 of the Dungeon
  4651 | D:5      | Killed from afar by a shadow imp

Levels and vault maps discovered:
D:1:      sevenhm_arrival_forest_fort_small_4, layout_basic,
          minmay_misc_feat_cross, minmay_cut_off
D:2:      layout_basic, first_ration, fedhas_altar_4
D:3:      layout_basic, nicolae_qazlal_general_emergency, lemuel_crystal_altar,
          portal_sewer_entry_c
D:4:      layout_loops_ring, gammafunk_temple_overflow_elements, serial_shops,
          shop
D:5:      layout_cave_pools, nicolae_ossuary_entry_false_entrances, uniq_sigmund
Sewer:    sewer_co_cracked_pipes

Skill      XL: |  1  2  3  4  5  6  7 |
---------------+----------------------+-----
Axes           | 2 3 4 5 |  5.2
Armour         | 3 4 |  4.0
Shields        | 3 |  3.5
Dodging        | 1 2 |  2.2
Fighting       | 4 |  4.5
Maces & Flails | 2 |  2.7
Stealth        | |  0.7

Action                   |  1- 3 |  4- 6 |  7- 9 || total
-------------------------+-------+-------+-------++-------
Melee: War axe           |    73 |   204 |       ||   277
       Great mace        |       |     7 |    61 ||    68
  Use: Scroll            |       |     5 |     1 ||     6
  Eat: Chunk             |     1 |     8 |     4 ||    13
Armor: Scale mail        |    42 |    74 |       ||   116
       Ring mail         |       |     3 |    50 ||    53
Dodge: Dodged            |    10 |    65 |    67 ||   142
Block: Shield            |    44 |    99 |       ||   143

Table legend:
 A = Non-vault XP
 B = Vault XP
 C = Vault XP percentage of total XP
 D = Non-vault monster count
 E = Vault monster count
 F = Vault count percentage of total count
                 A         B        C        D         E       F
            +---------+---------+-------+---------+---------+-------
      Total |    1098 |     177 |  13.9 |      89 |      38 |  29.9
            +---------+---------+-------+---------+---------+-------
        D:1 |      36 |       5 |  12.2 |      19 |       3 |  13.6
        D:2 |      73 |       0 |   0.0 |      12 |       0 |   0.0
        D:3 |     112 |      18 |  13.8 |      26 |       4 |  13.3
        D:4 |     470 |       0 |   0.0 |      18 |       0 |   0.0
        D:5 |     407 |       0 |   0.0 |      14 |       0 |   0.0
      Sewer |       0 |     154 | 100.0 |       0 |      31 | 100.0
            +---------+---------+-------+---------+---------+-------
